cohdb
Replays
Latest Replays
All Replays
Popular Replays
Top Player Replays
Match Explorer
How It Works
Community
CoH3 Stats
Reddit
Sign in to upload your games and track your stats! →
Sign in with Steam
Match 42803899
Unlisted
Match 42803899
Overview
Messages
Build Orders
End
Construct Barracks
Riflemen Squad
Riflemen Squad
Selects Armored Battlegroup
Selects Veteran Crews
Riflemen Squad
Grenade Package
Selects Fast Deploy
Infantry Support Center
Selects Fast Deploy
M1918 Browning Automatic Rifles
Construct Weapon Support Center
Bazooka Squad
Bazooka Squad
DEJMAS0258
EmpressAry
vituhonza
ZukatoUwU
kerem
ShadowStorm
PanzerJonny™
Hanzz
0
0
Comments
sign in to comment!
No comments posted yet!